Map: Sequencer LE

Players

iAsonu

  • Race: Zerg Zerg
  • Spawn Location: 7:00

Stephano - Winner!

  • Race: Zerg Zerg
  • Spawn Location: 1:00

Event: WCS Jonkoping 2017

VOD

Have the link to the VOD?

Description

Time

  • Played on: June 17, 2017, 3:20 p.m.
  • Length: 19:26

All games in this series

Show
View Real Time Build Order
Export as new Build Order

iAsonu Zerg 

Build Orders: Hatch First 

Get SALT Encoding   

  12  0:01  Drone  
  13  0:13  Overlord  
  13  0:17  Drone  
  14  0:31  Drone x2  
  16  0:35  Drone  
  17  0:52  Hatchery  
  17  0:54  Drone  
  17  0:57  Drone  
  18  1:08  Extractor  
  17  1:12  Spawning Pool  
  17  1:15  Drone  
  17  1:18  Drone  
  18  1:28  Drone  
  19  1:40  Overlord  
  19  1:50  Drone  
  20  2:00  Queen  
  22  2:01  Zergling x2  
  22  2:05  Queen  
  22  2:06  Zergling x2  
  22  2:07  Metabolic Boost  
  26  2:12  Zergling x2  
  26  2:15  Drone  
  28  2:24  Drone  
  28  2:29  Baneling Nest, Drone  
  29  2:33  Drone  
  30  2:39  Drone  
  31  2:44  Drone  
  31  2:48  Drone  
  33  2:59  Hatchery  
  33  3:00  Overlord  
  33  3:05  Zergling x4  
  34  3:16  Baneling  
  34  3:17  Baneling  
  34  3:18  Zergling x2  
  34  3:19  Zergling x8  
  39  3:27  Queen  
  40  3:34  Drone  
  40  3:36  Drone  
  40  3:37  Baneling  
  40  3:39  Overlord  
  42  3:42  Drone  
  42  3:46  Overlord  
  43  3:52  Overlord  
  43  3:58  Drone x3  
  46  4:06  Drone x2  
  46  4:09  Drone  
  49  4:16  Drone  
  50  4:20  Overlord  
  50  4:23  Drone  
  49  4:26  Evolution Chamber  
  49  4:27  Roach Warren, Lair  
  49  4:28  Drone  
  49  4:30  Drone  
  49  4:31  Drone  
  49  4:36  Baneling, Drone x2  
  49  4:38  Drone  
  53  4:39  Drone  
  53  4:41  Drone  
  55  4:46  Drone x2  
  55  4:49  Extractor x2, Drone  
  56  4:53  Drone  
  56  4:59  Drone  
  58  5:00  Drone  
  57  5:07  Baneling  
  57  5:10  Drone x2  
  57  5:16  Drone  
  57  5:18  Drone  
  57  5:20  Zerg Missile Weapons Level 1  
  58  5:26  Overlord  
  58  5:28  Glial Reconstitution  
  57  5:29  Drone x15  
  57  5:32  Extractor x2  
  57  5:34  Overseer, Drone  
  71  5:37  Extractor  
  71  5:39  Roach  
  71  5:41  Overseer  
  71  5:42  Roach  
  74  5:46  Drone  
  74  5:47  Drone  
  76  5:52  Roach x2  
  76  5:55  Baneling  
  76  5:56  Overlord  
  80  6:01  Drone x3  
  83  6:05  Drone  
  83  6:06  Hydralisk Den, Overlord  
  83  6:08  Hatchery  
  82  6:15  Overlord  
  82  6:18  Roach x2  
  86  6:24  Overlord  
  88  6:25  Roach  
  88  6:26  Roach x3  
  88  6:30  Roach x2  
  88  6:31  Roach  
  100  6:37  Roach x4  
  108  6:42  Muscular Augments  
  108  6:43  Hydralisk x2  
  108  6:46  Hydralisk  
  114  6:51  Burrow  
  114  6:54  Tunneling Claws  
  114  6:57  Roach x2  
  114  6:58  Overlord  
  118  7:02  Roach x2  
  122  7:09  Overlord  
  122  7:10  Overlord  
  122  7:12  Overlord  
  122  7:16  Queen  
  122  7:17  Overlord  
  122  7:18  Roach  
  122  7:19  Roach x2  
  130  7:23  Drone x2  
  130  7:24  Drone x2  
  130  7:27  Roach  
  130  7:28  Overlord x2  
  136  7:31  Roach  
  136  7:33  Roach  
  136  7:34  Roach  
  142  7:37  Roach x2  
  142  7:41  Roach  
  142  7:42  Roach  
  150  7:44  Zerg Missile Weapons Level 2  
  150  7:45  Overlord  
  154  7:51  Roach x3  
  158  7:58  Roach  
  158  7:59  Roach x3  
  158  8:04  Roach x11  
  164  8:08  Roach x6  
  176  8:13  Roach x5  
  176  8:15  Roach x5  
  176  8:16  Roach x6  
  188  8:21  Roach x3  
  188  8:26  Overseer, Spine Crawler  
  188  8:27  Overseer  
  177  8:28  Pneumatized Carapace  
  177  8:31  Roach x5  
  181  8:42  Hydralisk  
  177  8:52  Overseer, Roach x2  
  177  8:54  Spine Crawler  
  174  9:01  Roach  
  174  9:02  Roach x2  
  170  9:03  Roach x3  
  170  9:04  Roach x7  
  170  9:05  Roach x3  
  170  9:06  Overlord x2  
  170  9:07  Roach x3  
  184  9:10  Spine Crawler  
  184  9:16  Overlord  
  183  9:18  Overlord  
  179  9:29  Overlord  
  179  9:34  Roach x10  
  193  9:52  Overseer, Roach x4  
  189  9:53  Roach x6  
  189  9:58  Roach x6  
  199  10:01  Spine Crawler  
  199  10:03  Zerg Ground Armor Level 1  
  199  10:05  Spine Crawler  
  197  10:10  Roach x2  
  197  10:20  Roach  
  197  10:21  Ravager x3  
  196  10:26  Roach  
  190  10:38  Roach x5  
  196  10:56  Roach x7  
  200  11:03  Roach x2  
  198  11:20  Roach x5  
  198  11:21  Roach x7  
  192  11:33  Roach  
  192  11:34  Roach x3  
  170  11:40  Roach x2  
  138  11:47  Roach x26  
  138  11:49  Roach  
  181  11:56  Roach  
  181  11:57  Roach  
  181  12:01  Roach x4  
  181  12:11  Roach x7  
  194  12:18  Roach x4  
  194  12:21  Ravager  
  195  12:29  Unknown x4, Roach x2  
  191  12:37  Overlord  
  191  12:43  Ravager x5  
  190  12:53  Hatchery  
  189  13:06  Roach x10  
  189  13:12  Roach x5  
  199  13:15  Queen, Spine Crawler  
  200  13:34  Roach x4  
  192  13:35  Roach x4  
  192  13:36  Roach x2  
  192  13:41  Roach x6  
  199  13:48  Roach x19  
  193  13:53  Overseer  
  186  14:07  Roach x2  
  186  14:08  Roach x8  
  184  14:18  Roach x7  
  194  14:31  Roach x7  
  184  14:33  Roach x4  
  184  14:34  Roach  
  184  14:38  Roach x7  
  178  14:53  Roach  
  178  14:54  Roach x5  
  178  15:03  Roach x6  
  185  15:19  Roach x4  
  185  15:20  Roach x7  
  133  15:30  Roach  
  133  15:31  Roach x2  
  133  15:34  Roach x10  
  129  15:37  Queen x2  
  129  15:38  Drone x14  
  130  15:43  Roach x3  
  136  15:51  Roach x9  
  136  15:55  Roach x3  
  142  16:00  Hatchery  
  139  16:05  Roach  
  139  16:06  Roach x4  
  149  16:14  Roach x3  
  149  16:15  Spire  
  154  16:23  Hydralisk x2  
  158  16:36  Drone  
  158  16:37  Drone x2  
  154  16:58  Roach Warren  
  147  17:22  Roach x4  
  147  17:23  Roach x3  
  147  17:28  Mutalisk x11  
  163  17:38  Roach x3  
  163  17:44  Unknown x4  
  163  17:46  Unknown x14  
  163  17:47  Unknown x15  
  163  17:48  Unknown  
  163  17:49  Unknown  
  163  18:01  Hatchery, Roach x3  
  158  18:08  Roach  
Show
View Real Time Build Order
Export as new Build Order

Stephano Zerg - Winner!

Build Orders: Hatch First 

Get SALT Encoding   

  12  0:00  Drone  
  13  0:12  Overlord  
  13  0:18  Drone  
  14  0:31  Drone x2  
  14  0:34  Drone  
  17  0:52  Hatchery  
  17  0:54  Drone  
  17  0:58  Drone  
  18  1:08  Extractor  
  17  1:13  Spawning Pool  
  17  1:16  Drone  
  17  1:20  Drone  
  18  1:29  Drone  
  19  1:39  Overlord  
  19  1:50  Drone  
  20  1:59  Queen  
  20  2:00  Zergling x2  
  23  2:04  Queen, Zergling x2  
  26  2:08  Metabolic Boost  
  26  2:14  Drone  
  27  2:17  Drone  
  29  2:22  Zergling x2  
  29  2:26  Zergling x2  
  30  2:33  Zergling x2  
  30  2:36  Queen  
  31  2:39  Queen  
  35  2:49  Drone, Overlord  
  36  2:59  Overlord  
  36  3:06  Baneling Nest  
  36  3:08  Drone x2  
  36  3:09  Drone x3  
  40  3:13  Drone  
  40  3:16  Drone  
  40  3:17  Drone  
  43  3:22  Drone  
  44  3:32  Drone x2  
  44  3:33  Drone  
  46  3:35  Drone  
  47  3:46  Hatchery, Overlord  
  46  3:49  Baneling x2  
  46  3:50  Baneling  
  46  3:52  Zergling x4  
  46  3:55  Drone  
  49  3:56  Drone  
  49  4:01  Zergling x4  
  52  4:06  Drone  
  52  4:07  Overlord  
  50  4:13  Drone  
  50  4:14  Drone x2  
  53  4:23  Hatchery  
  53  4:24  Drone  
  54  4:26  Overlord  
  54  4:28  Extractor  
  54  4:29  Extractor, Drone x2  
  54  4:30  Lair  
  52  4:35  Evolution Chamber, Overlord  
  52  4:38  Drone  
  52  4:40  Drone x2  
  52  4:42  Drone  
  52  4:44  Drone  
  56  4:53  Zergling x4  
  56  4:55  Roach Warren  
  57  5:00  Drone x5  
  57  5:01  Drone  
  57  5:05  Overlord  
  62  5:07  Zergling x2  
  63  5:18  Drone x2  
  62  5:21  Zerg Missile Weapons Level 1  
  62  5:26  Baneling x2  
  62  5:27  Drone x2  
  64  5:28  Drone  
  64  5:32  Drone  
  64  5:33  Drone  
  66  5:36  Drone  
  66  5:37  Glial Reconstitution  
  67  5:46  Overlord  
  67  5:47  Drone x2  
  67  5:48  Drone x2  
  71  5:53  Extractor  
  71  5:56  Extractor  
  69  5:57  Drone x3  
  69  6:00  Unknown  
  72  6:06  Roach x6  
  84  6:15  Roach  
  85  6:19  Overlord  
  85  6:21  Roach x3  
  85  6:22  Roach x3  
  97  6:26  Hatchery  
  97  6:27  Roach x3  
  101  6:33  Roach x2  
  101  6:37  Overlord  
  105  6:47  Overlord  
  105  6:49  Drone x2  
  105  6:50  Roach x3  
  113  6:55  Roach x4  
  113  6:57  Tunneling Claws, Ravager, Overlord  
  113  6:59  Burrow  
  122  7:02  Overseer  
  122  7:03  Pneumatized Carapace  
  122  7:05  Roach  
  122  7:08  Roach x2  
  128  7:10  Roach  
  128  7:14  Overlord x2  
  128  7:15  Extractor  
  129  7:16  Ravager  
  129  7:17  Drone  
  129  7:18  Drone  
  129  7:19  Drone  
  133  7:28  Zerg Missile Weapons Level 2  
  133  7:32  Evolution Chamber, Roach x4  
  133  7:33  Overlord  
  140  7:41  Drone, Hydralisk Den  
  140  7:42  Roach x3  
  140  7:43  Drone  
  147  7:45  Drone  
  147  7:49  Ravager  
  150  7:51  Ravager  
  150  7:53  Roach  
  150  7:54  Roach  
  150  7:56  Overlord  
  154  7:59  Roach x2  
  154  8:00  Roach  
  154  8:03  Overlord  
  160  8:11  Overlord  
  160  8:12  Overlord  
  160  8:14  Zerg Ground Armor Level 1  
  160  8:18  Overseer  
  160  8:19  Overseer  
  160  8:23  Roach x6  
  172  8:28  Roach x2  
  170  8:49  Roach x7  
  170  8:50  Roach x3  
  190  9:01  Overlord x2  
  190  9:03  Spine Crawler  
  190  9:04  Spine Crawler x2  
  190  9:05  Spine Crawler  
  190  9:06  Spine Crawler  
  190  9:07  Spine Crawler, Drone x2  
  190  9:08  Spine Crawler  
  185  9:13  Drone x2  
  186  9:19  Spine Crawler  
  186  9:20  Drone  
  186  9:21  Drone x5  
  190  9:26  Drone x5  
  190  9:28  Roach x14  
  195  9:32  Drone x4  
  195  9:33  Drone x2  
  192  9:55  Overseer  
  192  9:56  Drone  
  193  10:00  Ravager x3  
  193  10:01  Ravager x4  
  193  10:03  Infestation Pit, Drone  
  200  10:14  Hatchery  
  197  10:25  Overseer  
  197  10:26  Overseer  
  193  10:35  Roach x2  
  196  10:40  Drone x5  
  196  10:44  Overseer  
  196  10:45  Spine Crawler  
  196  10:49  Roach x5  
  197  10:56  Roach x3  
  178  11:02  Roach x10  
  193  11:06  Roach x3  
  193  11:07  Roach x9  
  193  11:11  Roach x5  
  199  11:12  Roach x5  
  197  11:25  Roach  
  199  11:27  Roach  
  199  11:28  Ravager x3, Roach  
  199  11:29  Ravager x4  
  196  11:35  Zerg Ground Armor Level 2  
  180  11:42  Roach x4  
  180  11:45  Roach x2  
  169  11:51  Roach x4  
  169  11:52  Spine Crawler  
  169  11:53  Roach x3, Spine Crawler  
  170  11:56  Roach x14  
  170  11:57  Roach x10  
  171  12:01  Drone x4  
  171  12:02  Drone x2  
  171  12:04  Extractor, Spine Crawler x2  
  171  12:07  Roach x5  
  181  12:10  Ravager  
  172  12:18  Overlord  
  172  12:20  Hive  
  172  12:28  Roach x5  
  165  12:39  Roach x4  
  171  12:49  Roach  
  171  12:50  Roach x6  
  185  12:57  Queen, Roach x3  
  193  13:02  Overseer  
  193  13:06  Roach  
  193  13:07  Roach x3  
  193  13:10  Roach x4  
  193  13:11  Roach x2  
  193  13:12  Roach x3  
  199  13:13  Roach  
  199  13:15  Ravager  
  200  13:39  Overseer  
  200  13:49  Overlord  
  200  13:55  Roach x3  
  198  13:56  Roach x4  
  194  14:11  Roach x10  
  194  14:14  Zerg Ground Armor Level 3, Zerg Missile Weapons Level 3  
  190  14:17  Roach x2  
  190  14:18  Roach x3  
  190  14:21  Roach x6  
  198  14:33  Roach  
  198  14:34  Roach  
  197  14:39  Roach  
  197  14:40  Roach x2  
  197  14:41  Roach  
  187  14:47  Roach x3  
  187  14:53  Roach x10  
  197  15:04  Roach  
  172  15:22  Overseer  
  172  15:23  Drone x4  
  172  15:24  Drone x6  
  172  15:25  Spawning Pool  
  156  15:50  Hatchery  
  155  15:57  Roach x14  
  155  16:05  Roach x2  
  155  16:20  Roach Warren, Queen x3, Spine Crawler x2  
  155  16:22  Spine Crawler  
  155  16:23  Spine Crawler  
  156  16:26  Roach x14  
  156  16:38  Spine Crawler  
  155  16:40  Spine Crawler  
  154  17:01  Roach x4  
  154  17:02  Roach x10  
  154  17:03  Roach  
  178  17:11  Roach x3  
  178  17:12  Roach  
  176  17:17  Roach x3  
  176  17:22  Spine Crawler  
  173  17:23  Queen x2, Spine Crawler  
  173  17:24  Drone x4  
  173  17:25  Spine Crawler x2  
  166  17:32  Roach x8  
  180  17:37  Queen x2  
  180  17:38  Hydralisk Den  
  178  18:11  Drone x2  
  180  18:15  Hydralisk x10  
  200  18:22  Spore Crawler  
  197  18:33  Spore Crawler  
  197  18:34  Drone x5  
  191  18:47  Hydralisk x6, Roach x26  
  197  18:59  Hydralisk x3  
  193  19:13  Drone x5  
  198  19:26  Hatchery  
Tags
 
Add a new tag
Caveats
  • Supply blocks, unpowered buildings, or Contaminate may cause inaccurate times.
  • Supply counts are checked every 10 seconds.